 Dungeon Crawl Stone Soup version 0.32-a0-656-g3542139ebd (webtiles) character file.

Game seed: 13391624733621604422

1223 ytrimaz the Ruffian (level 8, -3/72 HPs)
             Began as an Octopode Shapeshifter on Mar 8, 2024.
             Slain by a troll (12 damage)
             ... on level 6 of the Dungeon.
             The game lasted 00:04:35 (4238 turns).

ytrimaz the Ruffian (Octopode Shapeshifter)         Turns: 4238, Time: 00:04:36

Health: -3/72      AC:  1    Str: 19    XL:     8   Next: 47%
Magic:  20/20      EV: 13    Int: 15    God:
Gold:   265        SH:  0    Dex: 11    Spells: 8/11 levels left

rFire   . .          .
                       - Unarmed
rCold   . . .        (no shield)
rNeg    . . .        (helmet currently unavailable)
rPois   .            g - amulet of regeneration
rElec   .            d - +6 ring of strength
rCorr   .            p - ring of willpower
SInv    .            k - ring of magical power
Will    +....        (no ring) Stlth
                     (no ring)
HPRegen 1.12/turn    (no ring)
MPRegen 0.17/turn    (no ring)
                     (no ring)

%: no passive effects
@: berserking, beast-form, attractive, very quick
A: beast (slay +3), almost no armour, amphibious, 8 rings, camouflage 1,
gelatinous body 1, (nimble swimmer 1), tentacles
a: Begin Untransformation


You were on level 6 of the Dungeon.
You were a hulking beast.
You visited 2 branches of the dungeon, and saw 7 of its levels.

You collected 265 gold pieces.


Innate Abilities, Weirdness & Mutations

You are a hulking beast.
Your limbs bulge with bestial killing power. (Slay +3)
You cannot wear most types of armour.
You are amphibious.
You can wear up to eight rings at the same time.
Your skin changes colour to match your surroundings (Stealth+).
Your rubbery body absorbs attacks. (AC +1, EV +1)
((You are camouflaged when in or above water. (Stealth+)))
You have tentacles for arms and can constrict up to eight enemies at once.


   Skills:
 - Level 1.0 Fighting
 - Level 2.0 Dodging
 + Level 6.8 Unarmed Combat
 - Level 2.0 Spellcasting
 + Level 3.9 Necromancy
 + Level 6.3 Shapeshifting


You had 8 spell levels left.
You knew the following spells:

 Your Spells              Type           Power      Damage    Failure   Level
a - Fugue of the Fallen   Necr           13%        N/A       14%         3

Your spell library contained the following spells:

 Spells                   Type           Power      Damage    Failure   Level
 Necrotise                Necr           52%        1d6       4%          1
 Apportation              Tloc           2%         N/A       22%         1
 Sting                    Conj/Alch      4%         1d3       22%         1
 Summon Small Mammal      Summ           4%         N/A       22%         1
 Ensorcelled Hibernation  Hex/Ice        2%         N/A       32%         2
 Passwall                 Erth           1%         N/A       54%         3
 Swiftness                Air            1%         N/A       54%         3
 Anguish                  Hex/Necr       3%         N/A       69%         4

Inventory:

Missiles
 l - a throwing net (quivered)
Jewellery
 d - a +6 ring of strength (left tentacle)
   (You found it on level 1 of the Dungeon)
 g - an amulet of regeneration (around mantle)
   (You found it on level 1 of the Dungeon)
 k - a ring of magical power (on tentacle)
   (You found it on level 4 of the Dungeon)
 p - a ring of willpower (right tentacle)
   (You took it off a goblin on level 3 of the Dungeon)
Talismans
 b - a beast talisman (active)
 c - a flux talisman
Wands
 q - a wand of roots (9)
   (You found it on level 5 of the Dungeon)
 s - a wand of light (7)
   (You found it on level 5 of the Dungeon)
Scrolls
 m - a scroll of fog
 o - a scroll of identify
 r - 3 scrolls of noise {unknown}
Potions
 a - 2 potions of lignification
 e - a potion of brilliance
 f - a potion of ambrosia
 j - 4 potions of mutation
 n - a potion of resistance {unknown}

Dungeon Overview and Level Annotations

Branches:
Dungeon (6/15) Zot: 26870  Temple (1/1) D:4 Zot: 5990

Altars:
Cheibriados
Dithmenos
Fedhas
Gozag
Hepliaklqana
Kikubaaqudgha
Makhleb
Nemelex Xobeh
Okawaru
Qazlal
Ru
Sif Muna
Trog
Uskayaw
Vehumet
Wu Jian
Xom
Yredelemnul
Zin
The Shining One

Shops:
D:1 =   D:3 ( D:4

* ... ... .h #.. #.#
.# ###T#
##.####h#### ...#
#.oโ€ ).......
#..####.####
#..h########
#......T..ยง# #...#
..####.##h# #.h.#
#.##T# #...#
..####o##h#####...#
#..................#
.....#...#.#####.###
.#.....#.#.# #.#
....#.....)# #.#
.#.[...#...# #.#
..........# #.#
....####### #.####
.##. #....#


You could see a troll and a hound.


Message History

๐Ÿ˜จ HP[+1] ๐Ÿ˜ฎ HP[+1]
An orc warrior comes into view.
It is wielding a +0 dire flail. ๐Ÿ˜ฎ HP[+1] ๐Ÿ˜ฎ HP[+1] ๐Ÿ˜ฎ HP[+1] ๐Ÿ˜ฎ HP[+1] ๐Ÿ˜ฎ HP[+1] ๐Ÿ˜ฎ HP[+1]
You bludgeon the hound! Your grab misses the hound.
The hound bites you. ๐Ÿ˜ฎ HP[-2]
You take 2 damage, and now have 29/48 hp.
You closely miss the hound. Your grab misses the hound. The hound bites you.
The hound misses you. ๐Ÿ˜ฎ HP[-1]
You take 1 damage, and now have 28/48 hp.
Unknown command.
You bludgeon the hound!
You kill the hound! ๐Ÿ˜ฎ HP[+1] ๐Ÿ˜ฎ HP[+1]
A sleepcap comes into view. ๐Ÿ˜ฎ HP[+1]
A gnoll comes into view. It is wielding a +0 whip.
The gnoll shouts! ๐Ÿ˜ฎ HP[+2]
You regained 2 hp, and now have 33/48 hp. ๐Ÿ˜ฎ HP[+1] ๐Ÿ˜ฎ HP[+1]
A troll comes into view. ๐Ÿ˜ฎ HP[+1]
The hound barks!
You hear a shout! x2 ๐Ÿ˜• HP[+1]
An orc warrior comes into view.
It is wielding a +0 long sword. ๐Ÿ˜• HP[+1] ๐Ÿ˜• HP[+1] ๐Ÿ˜• HP[+1] ๐Ÿ˜• HP[+1]
The gnoll attacks as it pursues you!
The gnoll completely misses you. ๐Ÿ˜• HP[+1] ๐Ÿ˜• HP[+1] It was a potion of attraction.
You feel attractive to monsters.
The gnoll closely misses you. ๐Ÿ˜• HP[+1]
You barely miss the gnoll. You grab the gnoll. You constrict the gnoll.
The gnoll hits you with a +0 whip. ๐Ÿ˜• HP[-4]
You take 4 damage, and now have 40/48 hp.
You tentacle-slap the gnoll but do no damage.
You constrict the gnoll.
The gnoll hits you with a +0 whip. ๐Ÿ˜• HP[-2]
You take 2 damage, and now have 38/48 hp.
You tentacle-slap the gnoll.
You kill the gnoll! ๐Ÿ˜• HP[+1]
You bludgeon the orc warrior! You grab the orc warrior.
You squeeze the orc warrior, but do no damage.
You constrict the orc warrior.
The orc warrior hits you with a +0 dire flail! ๐Ÿ˜ฎ HP[-6]
You take 6 damage, and now have 33/48 hp.
You bludgeon the orc warrior!
You tentacle-slap the orc warrior, but do no damage.
You constrict the orc warrior.
The orc warrior closely misses you. ๐Ÿ˜ฎ HP[+1]
You tentacle-slap the orc warrior.
You kill the orc warrior! ๐Ÿ˜ฎ HP[+1]
You tentacle-slap the sleepcap. You grab the sleepcap.
You squeeze the sleepcap! You constrict the sleepcap.
The sleepcap releases spores at you. ๐Ÿ˜ฎ HP[-3]
You take 3 damage, and now have 32/48 hp.
You bludgeon the sleepcap! You constrict the sleepcap.
You destroy the sleepcap!
The orc warrior is attracted toward you.
The troll is attracted toward you. ๐Ÿ˜ฎ HP[+1]
You bludgeon the orc warrior! You grab the orc warrior.
You squeeze the orc warrior. You constrict the orc warrior.
The orc warrior hits you with a +0 long sword! ๐Ÿ˜ฎ HP[-7]
You take 7 damage, and now have 26/48 hp.
You bludgeon the orc warrior! You constrict the orc warrior.
You kill the orc warrior!
The hound is attracted toward you. ๐Ÿ˜ฎ HP[+1]
A red film seems to cover your vision as you go berserk!
You feel yourself moving faster!
You feel mighty! The troll bites you!
* * * LOW HITPOINT WARNING * * *
The troll misses you. The troll claws you!
* * * LOW HITPOINT WARNING * * *
๐Ÿ˜ฑ HP[-15]
You now have 72 max hp (+24).
You completely miss the troll. You bludgeon the troll! The troll bites you.
* * * LOW HITPOINT WARNING * * *
The troll claws you!
You die...

Skill      XL: |  1  2  3  4  5  6  7  8 |
---------------+-------------------------+-----
Spellcasting   | 1 2 |  2.0
Unarmed Combat | 4 5 6 |  6.8
Shapeshifting  | 4 5 6 |  6.3
Necromancy     | 1 2 3 |  3.9
Fighting       | |  1.0
Dodging        | |  2.0

Action                     |  1- 3 |  4- 6 |  7- 9 || total
---------------------------+-------+-------+-------++-------
  Melee: Unarmed           |    44 |    81 |    70 ||   195
         Constrict         |    13 |    17 |    19 ||    49
         Tentacles         |     7 |    12 |    23 ||    42
         Punch             |       |     2 |     3 ||     5
  Throw: Throwing net      |       |     1 |       ||     1
    Use: Scroll            |     1 |     9 |       ||    10
         Potion            |       |     3 |     2 ||     5
   Stab: Sleeping          |     2 |     3 |     2 ||     7
         Invisible         |       |     2 |       ||     2
 Armour: Skin              |    12 |    47 |    31 ||    90
  Dodge: Dodged            |    30 |    38 |    36 ||   104

Levels and vault maps discovered:
D:1:      minmay_arrival_solitary_statue, layout_basic, serial_shops,
          nicolae_shop_real_fake_doors
D:2:      layout_rooms
D:3:      layout_loops_corners, serial_shops, shop
D:4:      layout_basic, nicolae_qazlal_eye_of_the_storm, fedhas_ov_isle_minmay,
          slow_altar_2, makhleb_altar_promises_db,
          nemelex_xobeh_ov_fountains_minmay, grunt_dithmenos_smoke,
          minmay_temple_entry_drinking_statues, serial_shops, shop,
          cheibrodos_gnoll_hut
D:5:      layout_loops_ring, mainiacjoe_overflow_catwalk
D:6:      lemuel_castle_with_subvaults [lemuel_castle_interior_original],
          layout_loops_ring, grunt_ashenzari_visionary
          [grunt_ashenzari_visionary_swamp, grunt_ashenzari_visionary_snake],
          minmay_misc_feat_five
Temple:   nicolae_temple_ecumenical_triangle

Notes
Turn   | Place    | Note
-------+----------+-------------------------------------------
     0 | D:1      | ytrimaz the Octopode Shapeshifter began the quest for the
                  | Orb.
     0 | D:1      | Reached XP level 1. HP: 13/13 MP: 1/1
     0 | D:1      | magus.rc [v1.9.6]
    25 | D:1      | You pick up a book of Dreams and begin reading...
    25 | D:1      | You add the spells Ensorcelled Hibernation, Fugue of the
                  | Fallen and Anguish to your library.
   213 | D:1      | Reached XP level 2. HP: 18/18 MP: 2/2
   375 | D:1      | Found Xuim's Jewellery Boutique.
  1092 | D:2      | Reached XP level 3. HP: 21/23 MP: 3/3
  1472 | D:3      | Found Sobotw Zokk's Antique Weapon Shop.
  1476 | D:3      | Reached XP level 4. HP: 23/28 MP: 5/5
  1513 | D:3      | Reached skill level 1 in Spellcasting
  1572 | D:3      | Reached skill level 4 in Unarmed Combat
  1703 | D:3      | Learned a level 3 spell: Fugue of the Fallen
  1781 | D:3      | Reached XP level 5. HP: 33/33 MP: 7/7
  1912 | D:3      | Reached skill level 4 in Shapeshifting
  2397 | D:4      | You pick up a book of Cantrips and begin reading...
  2397 | D:4      | You add the spells Sting, Necrotise, Summon Small Mammal
                  | and Apportation to your library.
  2465 | D:4      | Found a shadowy altar of Dithmenos.
  2524 | D:4      | Found Hine's General Store.
  2566 | D:4      | Reached skill level 2 in Spellcasting
  2683 | D:4      | Reached XP level 6. HP: 30/38 MP: 9/9
  2686 | D:4      | Reached skill level 5 in Unarmed Combat
  2687 | D:4      | Noticed a black bear
  2724 | D:4      | Killed a black bear
  2725 | D:4      | Reached skill level 5 in Shapeshifting
  2740 | D:4      | Found a blossoming altar of Fedhas.
  2745 | D:4      | Found a sparkling altar of Nemelex Xobeh.
  3010 | D:4      | Found a staircase to the Ecumenical Temple.
  3039 | D:4      | Noticed an ice beast
  3049 | D:4      | Killed an ice beast
  3050 | D:4      | Reached skill level 1 in Necromancy
  3050 | D:4      | Reached XP level 7. HP: 26/43 MP: 10/10
  3066 | Temple   | Entered the Ecumenical Temple
  3169 | D:4      | Found a burning altar of Makhleb.
  3171 | D:4      | Noticed a blizzard demon
  3232 | D:4      | Found a snail-covered altar of Cheibriados.
  3386 | D:4      | Found a stormy altar of Qazlal.
  3467 | D:5      | Entered Level 5 of the Dungeon
  3477 | D:5      | Reached skill level 2 in Necromancy
  3669 | D:5      | Reached skill level 6 in Unarmed Combat
  3755 | D:5      | Found a shimmering altar of Xom.
  3895 | D:5      | Reached XP level 8. HP: 48/48 MP: 11/11
  3944 | D:5      | You pick up a book of Burglary and begin reading...
  3944 | D:5      | You add the spells Swiftness and Passwall to your library.
  4116 | D:6      | Reached skill level 3 in Necromancy
  4191 | D:6      | Reached skill level 6 in Shapeshifting
  4217 | D:6      | Noticed a troll
  4236 | D:6      | HP: 12/72 [troll (14)]
  4238 | D:6      | Slain by a troll

Vanquished Creatures
  2 ice beasts
  2 orc warriors (D:6)
  A black bear (D:4)
  A phantom (D:5)
  A scorpion (D:5)
  A howler monkey (D:6)
  3 bombardier beetles
  4 orc priests (D:4)
  3 hounds
  A sleepcap (D:6)
  An iguana (D:5)
  An orc wizard (D:4)
  7 gnolls
  8 adders
  2 white imps (D:5)
  A dart slug (D:4)
  A ribbon worm (D:2)
  11 orcs
  3 bats
  3 endoplasms
  10 goblins
  2 hobgoblins
  3 jackals (D:4)
  5 kobolds
  4 quokkas
  5 ball pythons
  5 frilled lizards
  4 rats
95 creatures vanquished.

Table legend:
 A = Non-vault XP
 B = Vault XP
 C = Vault XP percentage of total XP
 D = Non-vault monster count
 E = Vault monster count
 F = Vault count percentage of total count
                 A         B        C        D         E       F
            +---------+---------+-------+---------+---------+-------
      Total |    1269 |     479 |  27.4 |      86 |       9 |   9.5
            +---------+---------+-------+---------+---------+-------
        D:1 |      16 |       0 |   0.0 |       9 |       0 |   0.0
        D:2 |      64 |       0 |   0.0 |      17 |       0 |   0.0
        D:3 |      93 |       0 |   0.0 |      18 |       0 |   0.0
        D:4 |     568 |     141 |  19.9 |      30 |       4 |  11.8
        D:5 |     319 |       0 |   0.0 |       9 |       0 |   0.0
        D:6 |     209 |     338 |  61.8 |       3 |       5 |  62.5
            +---------+---------+-------+---------+---------+-------

Skill      XL: |  1  2  3  4  5  6  7  8 |
---------------+-------------------------+-----
Spellcasting   | 1 2 |  2.0
Unarmed Combat | 4 5 6 |  6.8
Shapeshifting  | 4 5 6 |  6.3
Necromancy     | 1 2 3 |  3.9
Fighting       | |  1.0
Dodging        | |  2.0

Action                     |  1- 3 |  4- 6 |  7- 9 || total
---------------------------+-------+-------+-------++-------
  Melee: Unarmed           |    44 |    81 |    70 ||   195
         Constrict         |    13 |    17 |    19 ||    49
         Tentacles         |     7 |    12 |    23 ||    42
         Punch             |       |     2 |     3 ||     5
  Throw: Throwing net      |       |     1 |       ||     1
    Use: Scroll            |     1 |     9 |       ||    10
         Potion            |       |     3 |     2 ||     5
   Stab: Sleeping          |     2 |     3 |     2 ||     7
         Invisible         |       |     2 |       ||     2
 Armour: Skin              |    12 |    47 |    31 ||    90
  Dodge: Dodged            |    30 |    38 |    36 ||   104

Illustrated notes

Table legend:
 A = Kills in this place as a percentage of kills in the entire game.
 B = Kills by you in this place as a percentage of kills by you in the entire game.
 C = Kills by friends in this place as a percentage of kills by friends in the entire game.
 D = Other kills in this place as a percentage of other kills in the entire game.
 E = Experience gained in this place as a percentage of experience gained in the entire game.
 F = Experience gained in this place divided by the number of levels of this place that you have seen.
                   A       B       C       D       E      F
               +-------+-------+-------+-------+-------+----------------------
         Total | 100.0 | 100.0 |   N/A |   N/A | 100.0 | 249.7
       Dungeon | 100.0 | 100.0 |   N/A |   N/A | 100.0 | 291.3
               +-------+-------+-------+-------+-------+----------------------

Table legend: (Time is in decaauts)
 A = Elapsed time spent in this place.
 B = Non-inter-level travel time spent in this place.
 C = Inter-level travel time spent in this place.
 D = Time resting spent in this place.
 E = Time spent auto-exploring this place.
 F = Levels seen in this place.
 G = Mean time per level.
                   A        B        C        D        E       F      G
               +--------+--------+--------+--------+--------+-----+--------+
         Total |   4232 |   4037 |    195 |     31 |   3296 |   7 |  604.6 |
       Dungeon |   4222 |   4031 |    191 |     31 |   3296 |   6 |  703.7 |
        Temple |      9 |      5 |      4 |      0 |      0 |   1 |    9.0 |
               +--------+--------+--------+--------+--------+-----+--------+

Top non-repeatable levels by time:
     D:4: 1031 daAuts
     D:3: 982 daAuts
     D:1: 893 daAuts
     D:5: 635 daAuts
     D:2: 550 daAuts
     D:6: 129 daAuts
  Temple: 9 daAuts
